Map: Habitation Station LE (Void)

Players

acslayer - Winner!

  • Race: Protoss Protoss
  • League: Master
  • Spawn Location: 11:00

A.I. 2 (Easy)

  • Race: Terran Terran
  • Spawn Location: 1:00

VOD

Have the link to the VOD?

Description

Master opening

Time

  • Played on: Jan. 23, 2017, 6:34 p.m.
  • Length: 9:26
Show
View Real Time Build Order
Export as new Build Order

acslayer Protoss - Winner!

Build Orders: Oracle Opening 

Get SALT Encoding   

  12  0:01  Probe (Chrono Boost)  
  13  0:11  Probe (Chrono Boost)  
  14  0:18  Pylon  
  14  0:22  Probe (Chrono Boost)  
  15  0:36  Probe (Chrono Boost)  
  15  0:38  Gateway  
  16  0:47  Probe (Chrono Boost)  
  17  0:50  Assimilator  
  17  0:53  Assimilator  
  17  0:58  Probe (Chrono Boost)  
  18  1:09  Probe (Chrono Boost)  
  19  1:19  Probe (Chrono Boost)  
  19  1:21  Pylon  
  20  1:30  Cybernetics Core  
  20  1:31  Probe (Chrono Boost)  
  21  1:42  Probe (Chrono Boost)  
  22  1:52  Probe (Chrono Boost)  
  23  2:06  Nexus  
  23  2:12  Stalker  
  25  2:28  Mothership Core (Chrono Boost)  
  27  2:36  Pylon  
  27  2:38  Stalker  
  29  2:48  Probe (Chrono Boost)  
  30  2:55  Pylon  
  30  3:02  Stargate  
  31  3:06  Probe (Chrono Boost)  
  31  3:11  Warp Gate  
  31  3:18  Probe (Chrono Boost)  
  32  3:21  Probe (Chrono Boost)  
  32  3:24  Pylon  
  33  3:28  Probe (Chrono Boost)  
  33  3:32  Probe (Chrono Boost)  
  35  3:39  Probe (Chrono Boost)  
  36  3:41  Oracle  
  36  3:43  Probe (Chrono Boost)  
  40  3:51  Probe (Chrono Boost)  
  40  3:53  Probe (Chrono Boost)  
  43  4:04  Gateway, Probe x2 (Chrono Boost)  
  43  4:07  Gateway  
  43  4:08  Robotics Facility  
  44  4:13  Oracle  
  44  4:16  Probe (Chrono Boost)  
  45  4:19  Probe (Chrono Boost)  
  49  4:37  Probe (Chrono Boost)  
  51  4:39  Probe (Chrono Boost)  
  51  4:48  Probe (Chrono Boost)  
  51  4:51  Probe (Chrono Boost)  
  53  5:00  Nexus  
  53  5:01  Pylon  
  53  5:05  Gateway  
  53  5:07  Pylon  
  53  5:08  Probe (Chrono Boost)  
  53  5:09  Gateway, Probe (Chrono Boost)  
  53  5:11  Pylon  
  55  5:16  Oracle  
  59  5:36  Probe (Chrono Boost)  
  59  5:37  Probe (Chrono Boost)  
  59  5:38  Assimilator  
  60  5:42  Assimilator  
  60  5:49  Pylon  
  57  5:51  Pylon  
  57  5:55  Assimilator  
  57  5:59  Assimilator, Probe (Chrono Boost)  
  57  6:00  Probe (Chrono Boost)  
  59  6:06  Observer  
  59  6:09  Robotics Bay, Probe (Chrono Boost)  
  62  6:12  Probe (Chrono Boost)  
  62  6:13  Adept  
  62  6:14  Adept x4  
  62  6:16  Probe (Chrono Boost)  
  73  6:20  Probe (Chrono Boost)  
  73  6:24  Probe (Chrono Boost)  
  75  6:26  Probe (Chrono Boost)  
  75  6:30  Probe (Chrono Boost)  
  77  6:36  Probe (Chrono Boost)  
  77  6:37  Adept x5, Probe (Chrono Boost)  
  89  6:40  Warp Prism  
  89  6:41  Probe (Chrono Boost)  
  93  6:48  Probe (Chrono Boost)  
  93  6:56  Gateway  
  93  6:57  Gateway, Probe x2 (Chrono Boost)  
  93  7:00  Pylon, Probe (Chrono Boost)  
  96  7:02  Gateway x2  
  96  7:03  Pylon  
  96  7:12  Forge  
  96  7:14  Forge x2  
  96  7:21  Probe (Chrono Boost)  
  96  7:22  Probe x2 (Chrono Boost)  
  99  7:35  Extended Thermal Lance  
  99  7:36  Colossus, Probe (Chrono Boost)  
  106  7:48  Probe (Chrono Boost)  
  107  7:53  Adept x3  
  107  7:54  Adept x2  
  117  8:24  Adept x5  
  119  8:48  Adept x3  
  119  8:49  Adept x2  
  127  8:57  Adept x4  
  127  9:00  Probe x2 (Chrono Boost)  
  127  9:02  Probe (Chrono Boost)  
  138  9:22  Nexus  
Show
View Real Time Build Order
Export as new Build Order

A.I. 2 (Easy) Terran 

Build Orders:  

Get SALT Encoding   

  12  0:00  SCV  
  13  0:13  SCV  
  14  0:18  Supply Depot  
  14  0:25  SCV  
  15  0:40  SCV  
  16  0:43  Barracks  
  16  0:45  Refinery  
  16  1:09  Supply Depot  
  16  1:21  Refinery  
  16  1:30  Marine  
  16  1:31  Orbital Command  
  17  1:48  Marine  
  18  1:58  SCV  
  19  2:07  Barracks Tech Lab  
  19  2:10  SCV  
  19  2:15  Supply Depot  
  20  2:23  SCV  
  20  2:25  Marine  
  22  2:35  SCV  
  23  2:43  Marauder  
  25  2:47  SCV  
  26  2:59  SCV  
  26  3:05  Marauder  
  29  4:34  SCV  
  22  4:46  SCV  
  23  4:58  SCV  
  24  5:05  Reaper  
  25  5:09  Factory  
  25  5:11  SCV, Supply Depot  
  25  5:12  Command Center  
  23  5:23  SCV  
  24  5:35  SCV  
  25  5:37  Marine  
  26  5:47  SCV  
  26  5:54  Starport  
  26  5:55  Marine  
  21  5:59  SCV  
  22  6:11  SCV  
  22  6:13  Marine  
  24  6:23  SCV  
  24  6:24  SCV  
  26  6:31  Starport Tech Lab, Reaper, Refinery  
  27  6:35  SCV  
  27  6:36  SCV, Refinery  
  29  6:47  SCV  
  29  6:48  SCV  
  29  6:49  Raven  
  33  6:59  SCV  
  33  7:01  SCV  
  35  7:03  Reaper  
  36  7:12  SCV  
  36  7:13  SCV  
  38  7:24  SCV  
  38  7:25  SCV  
  40  7:32  Raven  
  40  7:35  Marine  
  40  7:36  SCV  
  44  7:37  SCV  
  45  7:48  SCV  
  45  7:50  SCV  
  47  7:53  Marine  
  48  8:00  SCV  
  48  8:02  SCV  
  48  8:05  Supply Depot  
  50  8:11  Marine  
  50  8:12  SCV  
  52  8:14  SCV  
  53  8:24  SCV  
  53  8:26  SCV  
  51  8:29  Reaper  
  46  8:36  SCV  
  46  8:38  SCV, Viking  
  27  8:48  SCV  
  27  8:50  SCV  
  27  8:52  Hellion  
  27  9:00  SCV  
  27  9:02  SCV  
  21  9:06  Marine  
  17  9:13  SCV  
Tags
 
Add a new tag
Caveats
  • Supply blocks, unpowered buildings, or Contaminate may cause inaccurate times.
  • Supply counts are checked every 10 seconds.